 Dungeon Crawl Stone Soup version 0.30.0-5-g1a98f26d00 (webtiles) character file.

Game seed: 12676453307112545810

3122 javelincjr the Nimble (level 10, -10/60 HPs)
             Began as a Djinni Fire Elementalist on May 11, 2023.
             Killed by an exploding water moccasin (15 damage)
             ... ignited by their inner flame
             ... on level 7 of the Dungeon.
             The game lasted 00:36:49 (7415 turns).

javelincjr the Nimble (Djinni Fire Elementalist)    Turns: 7415, Time: 00:36:50

Health: -10/60     AC: 10    Str:  9    XL:     10   Next: 14%
Gold:   337        EV: 13    Int: 18    God:
                   SH:  0    Dex: 15

rFire   + + .        r - +5 dagger
rCold   x . .        (no shield)
rNeg    . . .        v - +0 swamp dragon scales
rPois   ∞            s - +0 helmet
rElec   .            (no cloak)
rCorr   .            f - +1 pair of gloves
SInv    .            (boots unavailable)
Will    +....        (no amulet)
Stlth   +++          (no ring)
HPRegen 0.30/turn    (no ring)
MPRegen 0.00/turn

%: infuse magic (-11 HP)
@: flying, hasted, studying Spellcasting, very quick
A: sickness immunity, fire resistance 2, cold vulnerability 1, float, innate
caster, HP casting, extra vitality 1
a: no special abilities


You were on level 7 of the Dungeon.
You visited 2 branches of the dungeon, and saw 8 of its levels.

You collected 337 gold pieces.

Inventory:

Hand Weapons
 c - a +1 dagger of protection
 r - a +5 dagger (weapon)
Armour
 a - a +0 robe
 f - a +1 pair of gloves (worn)
 s - a +0 helmet (worn)
 v - +0 swamp dragon scales (worn)
Magical Staves
 l - a staff of air
Jewellery
 y - a ring of resist corrosion
Wands
 h - a wand of quicksilver (7)
 B - a wand of roots (4)
Scrolls
 g - 2 scrolls of magic mapping
 i - a scroll of fog
 j - 2 scrolls of noise
 k - 3 scrolls of teleportation
 C - a scroll of immolation
Potions
 b - 4 potions of degeneration
 d - 2 potions of lignification
 e - 2 potions of resistance
 m - 2 potions of brilliance
 o - 4 potions of curing
 p - 2 potions of invisibility
 q - a potion of berserk rage {unknown}
 u - a potion of might {unknown}
 x - a potion of attraction {unknown}
 z - a potion of magic {unknown}


   Skills:
 + Level 8.8 Dodging
 + Level 7.3 Stealth
 + Level 6.7 Spellcasting


You knew the following spells:

 Your Spells              Type           Power      Damage    Failure   Level
a - Foxfire               Conj/Fire      100%       2x1d9     1%          1
b - Scorch                Fire           60%        2d8       3%          2
c - Volatile Blastmotes   Fire/Tloc      60%        2d15      6%          3
d - Inner Flame           Hex/Fire       30%        N/A       6%          3
e - Flame Wave            Conj/Fire      30%        2d9       19%         4
f - Sandblast             Erth           60%        2d14      1%          1
g - Wereblood             Tmut           30%        N/A       3%          2
h - Vhi's Electric Charg  Tloc/Air       60%        N/A       6%          3
i - Confusing Touch       Hex            30%        N/A       6%          3
Your spell library was empty.

Dungeon Overview and Level Annotations

Branches:
Dungeon (7/15)             Temple (1/1) D:6

Altars:
Ashenzari
Cheibriados
Dithmenos
Elyvilon
Fedhas
Gozag
Nemelex Xobeh
Ru
Uskayaw
Wu Jian
Xom
Yredelemnul
Zin
The Shining One

Shops:
D:6 *


Innate Abilities, Weirdness & Mutations

You are immune to sickness and miasma.
You are immune to poison.
Your flesh is very heat resistant. (rF++)
You are vulnerable to cold. (rC-)
You float through the air rather than walking.
You learn spells naturally, not from books.
Your magical power is your life essence.
You have superior vitality. (+4 MHP)


Message History

The white imp is filled with an inner flame.
The water moccasin closely misses you. The white imp closely misses you.
The water moccasin barely misses you. The steam dragon misses you.
The steam dragon claws you but does no damage.
Casting: Inner Flame (dangerous; 6% risk of failure)
Confirm with . or Enter, or press ? or * to list all spells.
Aiming: Inner Flame (dangerous; 6% risk of failure)
Press: ? - help, Dir - move target, f - steam dragon, p - white imp
Aim: a steam dragon (moderately wounded, more vulnerable to fire, chance to affect: 84%)
The steam dragon is filled with an inner flame.
The steam dragon is no longer more vulnerable to fire.
The water moccasin bites you. The white imp closely misses you.
The steam dragon misses you. The steam dragon closely misses you.
You miss the water moccasin.
The water moccasin is almost dead.
The water moccasin misses you. The white imp gestures at you.
The puff of frost hits you!
You feel a terrible chill!
* * * LOW HITPOINT WARNING * * *
The steam dragon barely misses you. The steam dragon claws you.
* * * LOW HITPOINT WARNING * * *
Okay, then.
It was a potion of haste.
You feel yourself speed up. The water moccasin barely misses you.
The water moccasin bites you.
* * * LOW HITPOINT WARNING * * *
The steam dragon closely misses you.
The steam dragon claws you but does no damage.
The white imp hits you but does no damage.
There is an open door here.
The steam dragon breathes steam at you.
The ball of steam hits the white imp!
The ball of steam hits you. You resist.
* * * LOW HITPOINT WARNING * * *
The white imp explodes!
The fiery explosion engulfs the steam dragon!!
The steam dragon scales are intact enough to wear.
The fiery explosion engulfs the water moccasin!!
The water moccasin is burned terribly!
The water moccasin explodes!
The fiery explosion engulfs you! You resist.
You die...

#.# #.# .## ##)#
...###### ###).####
#......# #.......#
#.....# #.......#
#.....# ####.......#
#.....#####..........#
###.....#§@§..##########
.......§§§#####
###....§###
......<.....#
........###.# #........
..####### .


There were no monsters in sight!

Vanquished Creatures
  Pikel (D:7)
  Maggie (D:7)
  2 steam dragons
  A water moccasin (D:7)
  Duvessa (D:7)
  5 black bears
  An ice beast (D:5)
  A centaur (D:7)
  3 ogres
  2 lemures (D:7)
  2 phantoms
  4 scorpions
  Dowan (D:7)
  A howler monkey (D:6)
  2 jellies (D:5)
  3 orc priests
  A hound (D:6)
  A gnoll bouda (D:4)
  2 iguanas (D:6)
  Natasha (thrice) (D:2)
  4 orc wizards
  3 sleepcaps (D:6)
  Robin (D:4)
  4 gnolls (D:4)
  11 adders
  A white imp (D:5)
  2 worms (D:2)
  4 dart slugs
  16 orcs
  9 endoplasms
  A giant cockroach (D:1)
  11 goblins
  11 hobgoblins
  8 jackals
  6 quokkas
  5 ball pythons
  6 bats
  3 frilled lizards
  12 kobolds
  4 rats
160 creatures vanquished.

Vanquished Creatures (others)
  A white imp (D:7)
  657 foxfires
658 creatures vanquished.

Grand Total: 818 creatures vanquished

Notes
Turn   | Place    | Note
-------+----------+-------------------------------------------
     0 | D:1      | javelincjr the Djinni Fire Elementalist began the quest for
                  | the Orb.
     0 | D:1      | javelincjr set off with the following spells memorised:
                  | Foxfire, Scorch, Volatile Blastmotes, Inner Flame, Flame
                  | Wave.
     0 | D:1      | Reached XP level 1. HP: 15/15 MP: 0/0
   112 | D:1      | Reached XP level 2. HP: 14/21 MP: 0/0
   596 | D:1      | Reached XP level 3. HP: 21/25 MP: 0/0
   596 | D:1      | Learned a level 1 spell: Sandblast
   980 | D:2      | Noticed Natasha
   987 | D:2      | Killed Natasha
   988 | D:2      | Reached skill level 3 in Dodging
   988 | D:2      | Reached XP level 4. HP: 19/31 MP: 0/0
  1731 | D:2      | Reached XP level 5. HP: 34/35 MP: 0/0
  1731 | D:2      | Learned a level 2 spell: Wereblood
  1800 | D:2      | Noticed Natasha
  1803 | D:2      | Killed Natasha
  2060 | D:2      | Noticed Natasha
  2063 | D:2      | Killed Natasha
  2456 | D:3      | Reached skill level 4 in Dodging
  2528 | D:3      | Reached XP level 6. HP: 37/40 MP: 0/0
  2702 | D:3      | You are sucked into a shaft and drop 3 floors!
  2706 | D:6      | Found a staircase to the Ecumenical Temple.
  2713 | Temple   | Entered the Ecumenical Temple
  2948 | D:6      | Noticed a black bear
  2955 | D:6      | Killed a black bear
  2956 | D:6      | Reached XP level 7. HP: 30/45 MP: 0/0
  2956 | D:6      | Learned a level 3 spell: Vhi's Electric Charge
  2977 | D:5      | Entered Level 5 of the Dungeon
  3601 | D:3      | Reached skill level 5 in Dodging
  3829 | D:4      | Reached XP level 8. HP: 39/50 MP: 0/0
  3849 | D:4      | Noticed Robin
  3857 | D:4      | Killed Robin
  4256 | D:4      | Found a shadowy altar of Dithmenos.
  4609 | D:5      | Found a glowing golden altar of the Shining One.
  4675 | D:5      | Reached skill level 6 in Dodging
  4773 | D:5      | Found a glowing silver altar of Zin.
  4848 | D:5      | Reached skill level 5 in Stealth
  4974 | D:5      | Reached skill level 5 in Spellcasting
  5165 | D:5      | Found a hide-covered altar of Uskayaw.
  5246 | D:5      | Reached XP level 9. HP: 50/55 MP: 0/0
  5246 | D:5      | Learned a level 3 spell: Confusing Touch
  5330 | D:5      | Reached skill level 7 in Dodging
  5814 | D:6      | Found Myat's General Store.
  6651 | D:7      | Reached skill level 8 in Dodging
  6699 | D:7      | Noticed Pikel
  6706 | D:7      | Killed Pikel
  6970 | D:7      | Found a sacrificial altar of Ru.
  6974 | D:7      | Identified a scroll of acquirement
  6974 | D:7      | Acquired a manual of Spellcasting
  7107 | D:7      | Noticed Maggie
  7107 | D:7      | Noticed Dowan
  7251 | D:7      | Noticed Duvessa
  7253 | D:7      | Killed Maggie
  7253 | D:7      | Killed Dowan
  7254 | D:7      | Reached XP level 10. HP: 40/60 MP: 0/0
  7257 | D:7      | Killed Duvessa
  7415 | D:7      | Killed by an exploding water moccasin... ignited by their
                  | inner flame

Illustrated notes

Levels and vault maps discovered:
D:1:      heliophobic_arrival_henge, layout_loops_ring
D:2:      minmay_chambers_of_ones, layout_basic, grunt_ministairs_15,
          nrook_loot_triangle, uniq_natasha
D:3:      layout_basic, portal_sewer_entry_d, minmay_misc_feat_diagonals,
          nicolae_concentric_dashed_squares_mild, st_stairs_7,
          nicolae_kite_square_tiling_tiny, kennysheep_path_1
D:4:      layout_cave_pools, nicolae_dithmenos_through_a_glass_darkly,
          hangedman_abyss_or_decor_stagger, uniq_robin
D:5:      layout_gridville, tso_metal_star, nicolae_uskayaw_dance_hall,
          lemuel_tele_altar
D:6:      layout_loops_corners, minmay_temple_entry_slanted, serial_shops, shop,
          nicolae_titane
D:7:      layout_basic, nicolae_ru_the_path_less_chosen, uniq_maggie,
          uniq_duvessa, uniq_pikel
Temple:   bh_familiar_temple

Skill      XL: |  1  2  3  4  5  6  7  8  9 |
---------------+----------------------------+-----
Stealth        | 2 3 4 5 7 |  7.3
Dodging        | 3 4 5 6 8 |  8.8
Spellcasting   | 3 4 5 6 |  6.7

Action                     |  1- 3 |  4- 6 |  7- 9 | 10-12 || total
---------------------------+-------+-------+-------+-------++-------
  Melee: Unarmed           |     2 |     8 |       |       ||    10
         Staff             |       |     1 |     1 |       ||     2
         Dagger            |       |       |    11 |     4 ||    15
   Cast: Foxfire           |    55 |    90 |   246 |       ||   391
         Scorch            |     5 |    24 |    30 |     7 ||    66
         Inner Flame       |       |     1 |     9 |     3 ||    13
         Sandblast         |       |       |     1 |       ||     1
         Volatile Blastmot |       |       |     1 |       ||     1
         Vhi's Electric Ch |       |       |     1 |       ||     1
    Use: Scroll            |       |       |    20 |       ||    20
         Potion            |       |       |       |     1 ||     1
 Armour: Robe              |     7 |     4 |    16 |       ||    27
         Swamp dragon scal |       |       |       |     7 ||     7
  Dodge: Dodged            |    19 |    14 |    46 |    20 ||    99
